 Dungeon Crawl Stone Soup version 0.29.1-15-g9cfb28693d (webtiles) character file.

Game seed: 5583280733295896566

1267 GimliDwarf the Destroyer (level 8, -6/44 HPs)
             Began as a Tengu Conjurer on Dec 14, 2023.
             Was an Initiate of Vehumet.
             Shot with an arrow by a centaur (17 damage)
             ... on level 7 of the Dungeon.
             The game lasted 00:25:36 (7588 turns).

GimliDwarf the Destroyer (Tengu Conjurer)           Turns: 7588, Time: 00:25:38

Health: -6/44      AC:  3    Str: 14    XL:     8   Next: 52%
Magic:  10/15      EV: 16    Int: 20    God:    Vehumet [......]
Gold:   275        SH:  0    Dex: 13    Spells: 4/16 levels left

rFire   . . .      SeeInvis +   q - +1 shortbow (freeze)
rCold   . . .      Faith    .   (shield currently unavailable)
rNeg    . . .      Spirit   .   a - +1 robe
rPois   .          Reflect  .   (helmet restricted)
rElec   .          Harm     .   (no cloak)
rCorr   .          Rampage  .   (no gloves)
Will    .....                   (boots unavailable)
Stlth   ++........              (no amulet)
HPRegen 0.14/turn               c - +6 ring of strength
MPRegen 0.14/turn               o - ring of see invisible

@: flying quickly and evasively, studying Dodging, invisible (expiring), quick
A: beak, talons 3, nimble flight
a: Renounce Religion


You were on level 7 of the Dungeon.
You worshipped Vehumet.
Vehumet was noncommittal.
You visited 2 branches of the dungeon, and saw 8 of its levels.

You collected 275 gold pieces.

Inventory:

Hand Weapons
 d - a +0 short sword
 f - a +1 vorpal sling
 q - a +1 shortbow of freezing (weapon)
Missiles
 h - 5 boomerangs
 n - 2 throwing nets
 t - 2 datura-tipped darts
Armour
 a - a +1 robe (worn)
Jewellery
 c - a +6 ring of strength (left hand)
 e - a ring of protection from cold
 o - a ring of see invisible (right hand)
Wands
 i - a wand of mindburst (7)
Scrolls
 g - a scroll of fog {unknown}
Potions
 b - a potion of magic
 j - a potion of heal wounds
 l - 5 potions of curing
 m - a potion of ambrosia {unknown}
 r - a potion of cancellation
 s - 3 potions of lignification
 u - 3 potions of haste


   Skills:
 + Level 1.7 Fighting
 * Level 6.2 Ranged Weapons
 * Level 2.9 Armour
 * Level 4.5 Dodging
 - Level 2.0 Stealth
 * Level 4.5 Spellcasting
 * Level 8.0 Conjurations


You had 4 spell levels left.
You knew the following spells:

 Your Spells              Type           Power      Damage    Failure   Level
b - Searing Ray           Conj           72%        2d7       1%          2
c - Stone Arrow           Conj/Erth      40%        3d9       7%          3
d - Dazzling Flash        Conj/Hex       40%        N/A       7%          3
e - Iskenderun's Mystic   Conj/Tloc      20%        2d6       24%         4

Your spell library contained the following spells:

 Spells                   Type           Power      Damage    Failure   Level
 Magic Dart               Conj           100%       1d8       1%          1
 Apportation              Tloc           8%         N/A       12%         1
 Necrotise                Necr           16%        1d4       12%         1
 Sandblast                Erth           8%         2d5       12%         1
 Summon Small Mammal      Summ           16%        N/A       12%         1
 Passwall                 Tmut/Erth      3%         N/A       19%         2
 Scorch                   Fire           8%         2d5       19%         2
 Flame Wave               Conj/Fire      20%        2d7       24%         4
 Fulminant Prism          Conj/Hex       10%        3d9       24%         4
 Summon Forest            Summ/Tloc      2%         N/A       98%         5
 Eringya's Noxious Bog    Tmut/Pois      2%         N/A       100%        6
 Summon Cactus Giant      Summ           2%         N/A       100%        6
 Summon Hydra             Summ           2%         N/A       100%        7


Dungeon Overview and Level Annotations

Branches:
Dungeon (7/15)             Temple (1/1) D:5

Altars:
Ashenzari
Cheibriados
Elyvilon
Fedhas
Gozag
Hepliaklqana
Kikubaaqudgha
Makhleb
Nemelex Xobeh
Qazlal
Ru
Sif Muna
Uskayaw
Vehumet
Wu Jian
Xom
Yredelemnul
Zin
The Shining One

Shops:
D:1 *   D:2 *

Portals:
Bailey: D:7


Innate Abilities, Weirdness & Mutations

You have a beak for a mouth.
You have claws for feet.
Your magical nature lets you fly swiftly and evasively.


Message History

A centaur comes into view.
Fire: q) +1 shortbow (freeze)
Press: ? - help, Q - select action, (/) - cycle Shift-Dir - straight line, f/p - goblin
Aim: a goblin, quivering boomerangs (55% to hit)
You shoot an arrow. The arrow hits the goblin!
The arrow freezes the goblin.
You kill the goblin!
Vehumet accepts your kill.
Casting: Searing Ray (safe; 1% risk of failure)
Confirm with . or Enter, or press ? or * to list all spells.
Okay, then.
The centaur wields a +2 shortbow of freezing.
It is covered in frost.
The centaur shoots an arrow.
The arrow hits you. The arrow freezes you.
The goblin throws a boomerang.
The boomerang misses you.
Aiming: Mindburst
Press: ? - help, Shift-Dir - straight line, f - centaur
Aim: a centaur, wielding a +2 shortbow of freezing (chance to affect: 64%)
The centaur struggles to resist.
You hear the faint creaking of a portcullis very nearby.
The centaur shoots an arrow.
The arrow hits you! The arrow freezes you.
Okay, then.
Okay, then.
You fade into invisibility!
The centaur shoots an arrow.
The arrow hits you!
* * * LOW HITPOINT WARNING * * *
The arrow freezes you.
* * * LOW HITPOINT WARNING * * *
The goblin throws a boomerang.
The boomerang completely misses you.
The centaur shoots an arrow. x2
The centaur shoots an arrow.
The arrow misses you.
The orc shouts!
A steam dragon comes into view.
The centaur shoots an arrow.
The centaur shoots an arrow.
The arrow barely misses you.
You flicker for a moment.
The centaur shoots an arrow.
The centaur shoots an arrow.
The arrow closely misses you.
The centaur shoots an arrow.
The arrow misses you.
There is a stone staircase leading up here.
The centaur shoots an arrow.
The arrow hits you!
You die...

,* *,*****,,**,***,,*,,,**,,,,,*
,* *,* *..#..* *..,,*,**,*+*,* ,*
*,* *..#..###.#*,*,,***,*** ,*
*,* *,......#.#*,*,,,,***,, ,*
*,* ***,,.....#.#*,,,.,,,,,,, .*
*,***.,,,,#...#.##......,*,,, #*
*.##......#...#.##.#...#***** #
*.#.......#...#....#.#.### #
##...........@...##...#...#### #
##..)###..........###..........
###....#....###..)#...#.(........
.#.....#....* ##.))##.#..........
.....##....#####)#.#..c..........
...........#.............c.......
....###........).)....####.......
....<....#>#.########..# #######.
......#.......# ##.#**** ##


You could see a centaur (unable to see you).

Vanquished Creatures
  2 ice beasts (D:7)
  A black bear (D:6)
  2 ogres
  A centaur (D:6)
  2 scorpions
  A gnoll sergeant (D:5)
  A howler monkey (D:5)
  2 hounds
  A jelly (D:6)
  An iguana (D:5)
  An orc wizard (D:6)
  A statue (D:6)
  16 gnolls
  9 adders
  A shadow imp (D:5)
  A white imp (D:6)
  An ufetubus (D:6)
  3 worms
  4 dart slugs
  13 orcs
  5 bats
  9 endoplasms
  5 giant cockroaches
  10 goblins
  8 hobgoblins
  3 quokkas
  3 ball pythons
  6 frilled lizards
  7 kobolds
  5 rats
125 creatures vanquished.

Notes
Turn   | Place    | Note
-------+----------+-------------------------------------------
     0 | D:1      | GimliDwarf the Tengu Conjurer began the quest for the Orb.
     0 | D:1      | Reached XP level 1. HP: 10/10 MP: 4/4
   214 | D:1      | Found Tasush's Assorted Antiques.
   268 | D:1      | Reached XP level 2. HP: 15/15 MP: 3/6
   348 | D:1      | Learned a level 2 spell: Searing Ray
   389 | D:1      | Found a faded altar of an unknown god.
   411 | D:1      | Reached skill level 6 in Conjurations
   879 | D:2      | Found Yracat's General Store.
   903 | D:2      | Reached XP level 3. HP: 9/19 MP: 5/7
   917 | D:2      | Reached skill level 1 in Ranged Weapons
  1253 | D:2      | Reached XP level 4. HP: 24/24 MP: 1/8
  1686 | D:3      | You fall into a shaft and drop 3 floors!
  1728 | D:5      | Entered Level 5 of the Dungeon
  1781 | D:5      | Noticed an ogre
  1946 | D:4      | Learned a level 3 spell: Dazzling Flash
  2229 | D:3      | Gained mutation: Your magical nature lets you fly swiftly
                  | and evasively. [Tengu growth]
  2229 | D:3      | Reached XP level 5. HP: 28/28 MP: 5/9
  2245 | D:3      | Found a hazy altar of Hepliaklqana.
  3070 | D:4      | Reached skill level 1 in Armour
  3070 | D:4      | Reached XP level 6. HP: 32/33 MP: 7/11
  3560 | D:4      | Found a glowing golden altar of the Shining One.
  3839 | D:4      | Reached skill level 1 in Fighting
  3989 | D:5      | Reached skill level 7 in Conjurations
  4042 | D:5      | Reached XP level 7. HP: 38/38 MP: 4/12
  4111 | D:4      | Learned a level 3 spell: Stone Arrow
  4115 | D:4      | Learned a level 3 spell: Dazzling Flash
  4237 | D:5      | Found a snail-covered altar of Cheibriados.
  4273 | D:5      | Found a broken altar of Ashenzari.
  4274 | D:5      | Found a burning altar of Makhleb.
  5474 | D:5      | Found a staircase to the Ecumenical Temple.
  5483 | Temple   | Entered the Ecumenical Temple
  5773 | D:5      | Found a sparkling altar of Nemelex Xobeh.
  5873 | D:5      | Reached skill level 5 in Ranged Weapons
  6183 | Temple   | Learned a level 4 spell: Iskenderun's Mystic Blast
  6561 | D:6      | Found a hide-covered altar of Uskayaw.
  6657 | D:6      | Reached XP level 8. HP: 43/43 MP: 9/15
  6847 | D:6      | Found a shimmering blue altar of Sif Muna.
  7142 | D:6      | Identified the +1 pair of boots of the Devouring Gods {rF+}
  7152 | D:6      | Found a radiant altar of Vehumet.
  7167 | D:6      | Became a worshipper of Vehumet
  7532 | D:7      | Reached skill level 8 in Conjurations
  7555 | D:7      | Found a flagged portal.
  7588 | D:7      | Shot with an arrow by a centaur

Illustrated notes

Levels and vault maps discovered:
D:1:      dpeg_arrival_tiny_f, layout_loops_ring, serial_shops,
          nicolae_shop_trees, hellmonk_ecumenical_altar_inner_sanctum
D:2:      layout_rooms, serial_shops, nicolae_shop_statue_plus,
          minmay_tetromino_i2
D:3:      layout_loops_cross, mainiacjoe_overflow_chevrons
D:4:      layout_loops_ring, mainiacjoe_overflow_alcove_2
D:5:      layout_basic, chequers_temple_overflow_statue_of_worship,
          nemelex_spade_bored_becter, minmay_temple_entry_drinking_statues
D:6:      layout_cave_pools, vehumet_statue, nicolae_overflow_hidden_temple,
          tgw_sif, serial_co_window_serial, co_window_paths_b,
          co_window_paths_a, co_window_paths_a, co_window_paths_a,
          co_window_paths_a, co_window_corner_a, co_window_broadway_c,
          co_window_of_opportunity_b, co_window_unsneaky_path_c
D:7:      cheibrodos_iron_armory, layout_rooms, nicolae_dithmenos_the_darkroom,
          enter_bailey_5
Temple:   eino_temple_lava

Skill      XL: |  1  2  3  4  5  6  7  8 |
---------------+-------------------------+-----
Conjurations   | 6 7 8 |  8.0
Ranged Weapons | 1 2 3 4 5 6 |  6.2
Armour         | 1 2 |  2.9
Dodging        | 3 4 |  4.5
Fighting       | 1 |  1.7
Spellcasting   | 3 4 |  4.5
Stealth        | |  2.0

Action                   |  1- 3 |  4- 6 |  7- 9 || total
-------------------------+-------+-------+-------++-------
 Fire: Sling             |    41 |    54 |    34 ||   129
       Shortbow          |       |       |    29 ||    29
 Cast: Magic Dart        |    31 |    30 |     6 ||    67
       Searing Ray       |     3 |    22 |    23 ||    48
       Stone Arrow       |       |       |    13 ||    13
       Dazzling Flash    |       |       |     1 ||     1
Evoke: Wand              |       |       |     1 ||     1
  Use: Potion            |     2 |     1 |     1 ||     4
       Scroll            |       |    10 |     7 ||    17
Armor: Skin              |    12 |       |       ||    12
       Robe              |     1 |     1 |     4 ||     6
Dodge: Dodged            |     6 |    15 |    39 ||    60
